 Dungeon Crawl Stone Soup version 0.28.0-43-g3370ac3207 (webtiles) character file.

Game seed: 9113872190832631148

221700 crimpus the Peltast (level 18, -4/195 HPs)
             Began as a Minotaur Fighter on Mar 27, 2022.
             Was the Champion of the Shining One.
             Killed from afar by a fire giant (38 damage)
             ... with a bolt of fire
             ... on level 2 of the Depths.
             The game lasted 01:21:23 (48629 turns).

crimpus the Peltast (Minotaur Fighter)             Turns: 48629, Time: 01:21:24

Health: -4/195     AC: 22    Str: 34    XL:     18   Next: 88%
Magic:  1/18       EV: 20    Int:  9    God:    the Shining One [******]
Gold:   2934       SH: 27    Dex: 15    Spells: 17/17 levels left

rFire   . . .      SeeInvis .   y - +9 trident "Q" {flame, rPois Will+++ Dex+5}
rCold   . . .      Faith    .   A - +0 tower shield
rNeg    + + +      Spirit   .   b - +4 ring mail of Jugaahadia {rN+ Str+3 Dex+3}
rPois   +          Reflect  +   (helmet restricted)
rElec   +          Harm     +   M - +0 cloak
rCorr   +          Rampage  .   B - +3 Mad Mage's Maulers {Infuse+∞ RegenMP Int-3}
Will    +++++                   g - +0 pair of boots
Stlth   +.........              w - amulet of Keti {Reflect Harm Fragile rCorr Int+7 SH+5}
HPRegen 0.42/turn               R - ring of Xofo {rElec rN+ Str+4 Stlth+}
MPRegen 0.56/turn               r - ring "Zapoink" {Will+ EV+4 Dex-5 Stlth+}

@: glowing, studying 4 skills
A: horns 2, retaliatory headbutt, beak, iridescent scales 1, robust 1
a: Renounce Religion, Divine Shield, Cleansing Flame, Summon Divine Warrior,
Brand Weapon With Holy Wrath


You were on level 2 of the Depths.
You worshipped the Shining One.
The Shining One was exalted by your worship.
You visited 6 branches of the dungeon, and saw 30 of its levels.
You visited the Abyss 1 time.
You also visited: Gauntlet.

You collected 3798 gold pieces.
You spent 831 gold pieces at shops.
You donated 33 gold pieces to Zin.

Inventory:

Hand Weapons
 y - the +9 trident "Q" (weapon) {flame, rPois Will+++ Dex+5}
   (You found it on level 10 of the Dungeon)

   It burns those it strikes, dealing additional fire damage.
   Dex:       It affects your dexterity (+5).
   rPois:     It protects you from poison.
   Will:      It greatly increases your willpower.
 X - the +8 frozen axe "Frostbite" {freezing cloud, *Noise Fly rC+}
   (You took it off a deep elf sorcerer on level 3 of the Elven Halls)

   It freezes those it strikes, dealing additional cold damage.
   It can also slow down cold-blooded creatures.
   It occasionally leaves clouds of freezing vapour upon striking a foe.
   It grants immunity to clouds of freezing vapour.
   rC:        It protects you from cold.
   Fly:       It grants you flight.
   *Noise:    It may make noises in combat.
Armour
 b - the +4 ring mail of Jugaahadia (worn) {rN+ Str+3 Dex+3}
   (You found it on level 2 of the Dungeon)

   Str:       It affects your strength (+3).
   Dex:       It affects your dexterity (+3).
   rN:        It protects you from negative energy.
 g - a +0 pair of boots (worn)
 A - a +0 tower shield (worn)
 B - the +3 Mad Mage's Maulers (worn) {Infuse+∞ RegenMP Int-3}
   (You bought it in a shop on level 2 of the Orcish Mines)

   It empowers its wearer's blows with all of their magic.
   It causes its wearer's magical reserves to regenerate more quickly.
   Int:       It affects your intelligence (-3).
 M - a +0 cloak (worn)
Jewellery
 h - a ring of protection from fire
 n - the amulet "Wuolile" {RegenMP rElec rPois Will+ rCorr}
   (You found it on level 3 of the Dungeon)

   [amulet of magic regeneration]

   It increases your rate of magic regeneration.
   rElec:     It insulates you from electricity.
   rPois:     It protects you from poison.
   rCorr:     It protects you from acid and corrosion.
   Will:      It increases your willpower.
 r - the ring "Zapoink" (right hand) {Will+ EV+4 Dex-5 Stlth+}
   (You took it off a deep elf high priest on level 14 of the Dungeon)

   [ring of evasion]

   EV:        It affects your evasion (+4).
   Dex:       It affects your dexterity (-5).
   Will:      It increases your willpower.
   Stlth:     It makes you more stealthy.
 w - the amulet of Keti (around neck) {Reflect Harm Fragile rCorr Int+7 SH+5}
   (You found it on level 14 of the Dungeon)

   [amulet of reflection]

   It reflects blocked missile attacks.
   Int:       It affects your intelligence (+7).
   rCorr:     It protects you from acid and corrosion.
   Fragile:   It will be destroyed if unequipped.
   SH:        It affects your SH (+5).
   Harm:      It increases damage dealt and taken.
 Q - the amulet "Serifad" {Acrobat Fly Str+4}
   (You found it in a Gauntlet)

   [amulet of the acrobat]

   It increases your evasion while moving and waiting.
   Str:       It affects your strength (+4).
   Fly:       It grants you flight.
 R - the ring of Xofo (left hand) {rElec rN+ Str+4 Stlth+}
   (You found it in a Gauntlet)

   [ring of positive energy]

   Str:       It affects your strength (+4).
   rElec:     It insulates you from electricity.
   rN:        It protects you from negative energy.
   Stlth:     It makes you more stealthy.
 S - a ring of flight
Wands
 a - a wand of polymorph (11)
 d - a wand of acid (6)
 f - a wand of iceblast (5)
 o - a wand of flame (26)
 D - a wand of digging (13)
 E - a wand of charming (2)
Scrolls
 e - 6 scrolls of magic mapping
 i - 10 scrolls of teleportation
 m - 13 scrolls of identify
 q - a scroll of immolation
 s - a scroll of amnesia
 t - 2 scrolls of enchant weapon
 u - 4 scrolls of fear
 I - a scroll of silence
 O - a scroll of blinking
 T - 2 scrolls of summoning
 W - 3 scrolls of fog
Potions
 c - 3 potions of brilliance
 j - 3 potions of heal wounds
 k - a potion of cancellation
 p - 3 potions of ambrosia
 v - 6 potions of resistance
 z - 3 potions of attraction
 F - 3 potions of curing
 H - 2 potions of haste
 L - 3 potions of lignification
 N - 3 potions of flight
 P - a potion of berserk rage
 U - 2 potions of might


   Skills:
 + Level 19.9 Fighting
 - Level 15.0(19.0) Axes
 + Level 19.1(21.0) Polearms
 + Level 14.1 Armour
 + Level 12.3 Dodging
 + Level 20.9 Shields
 + Level 1.4 Invocations


You had 17 spell levels left.
You didn't know any spells.
Your spell library contained the following spells:

 Spells                   Type           Power      Damage    Failure   Level
 Animate Skeleton         Necr           0%         N/A       69%         1
 Freeze                   Ice            0%         1d3       69%         1
 Magic Dart               Conj           0%         1d3       69%         1
 Summon Small Mammal      Summ           0%         N/A       69%         1
 Ensorcelled Hibernation  Hex/Ice        0%         N/A       83%         2
 Passwall                 Tmut/Erth      0%         N/A       83%         2
 Scorch                   Fire           0%         2d5       83%         2
 Searing Ray              Conj           0%         2d4       83%         2
 Sublimation of Blood     Necr           0%         N/A       83%         2
 Call Canine Familiar     Summ           0%         N/A       96%         3
 Conjure Flame            Conj/Fire      0%         6-21      96%         3
 Frozen Ramparts          Ice            0%         1d2       96%         3
 Gell's Gravitas          Tloc           0%         N/A       96%         3
 Ignite Poison            Fire/Tmut/Pois 0%         N/A       96%         3
 Ozocubu's Armour         Ice            0%         N/A       96%         3
 Summon Guardian Golem    Hex/Summ       0%         N/A       96%         3
 Swiftness                Air            0%         N/A       96%         3
 Teleport Other           Tloc           0%         N/A       96%         3
 Vampiric Draining        Necr           0%         2d6       96%         3
 Anguish                  Hex/Necr       0%         N/A       100%        4
 Fulminant Prism          Conj/Hex       0%         3d6       100%        4
 Hailstorm                Conj/Ice       0%         3d3       100%        4
 Ice Form                 Ice/Tmut       0%         N/A       100%        4
 Petrify                  Tmut/Erth      0%         N/A       100%        4
 Sticky Flame             Conj/Fire      0%         2d3       100%        4
 Summon Ice Beast         Ice/Summ       0%         N/A       100%        4
 Summon Lightning Spire   Summ/Air       0%         N/A       100%        4
 Blade Hands              Tmut           0%         N/A       100%        5
 Irradiate                Conj/Tmut      0%         3d13      100%        5
 Dispersal                Tloc           0%         N/A       100%        6
 Dragon Form              Tmut           0%         N/A       100%        7
 Haunt                    Necr/Summ      0%         N/A       100%        7
 Monstrous Menagerie      Summ           0%         N/A       100%        7
 Ozocubu's Refrigeration  Ice            0%         4d5       100%        7
 Storm Form               Tmut/Air       0%         N/A       100%        7
 Borgnjor's Revivificati  Necr           0%         N/A       100%        8
 Lehudib's Crystal Spear  Conj/Erth      0%         10d2      100%        8
 Maxwell's Capacitive Co  Air            0%         ∞         100%        8
 Dragon's Call            Summ           0%         N/A       100%        9


Dungeon Overview and Level Annotations

Branches:
Dungeon (15/15)            Temple (1/1) D:4            Lair (6/6) D:10
  Swamp (0/4) Lair:3        Snake (0/4) Lair:2        Slime (0/5) Lair:6
    Orc (2/2) D:12            Elf (3/3) Orc:2        Vaults (0/5) D:13
 Depths (3/4) D:15        Gauntlet (visited)

Altars:
Ashenzari
Cheibriados
Dithmenos
Elyvilon
Fedhas
Gozag
Hepliaklqana
Kikubaaqudgha
Makhleb
Nemelex Xobeh
Okawaru
Qazlal
Ru
Sif Muna
Trog
Uskayaw
Vehumet
Wu Jian
Xom
Yredelemnul
Zin
The Shining One
Beogh

Shops:
D:3 *   D:7 [   D:8 :   D:9 *   Orc:2 ![=[   Depths:1 (=:

Portals:
Hell: Depths:1 Depths:2
Abyss: Depths:2
Pandemonium: Depths:2
Ziggurat: Depths:2

Annotations:
Lair:1 Sonja
Depths:1 4 runed translucent doors, Gemnonof's ghost, adept DgCj


Innate Abilities, Weirdness & Mutations

You have a pair of horns on your head.
You reflexively headbutt those who attack you in melee.
You have a beak for a mouth.
You are partially covered in iridescent scales. (AC +2)
You are robust. (+10% HP)


Message History

The fire giant shouts!
An ice dragon comes into view.
The fire giant casts a spell at you.
The fireball explodes!
The fireball engulfs you!!!
* * * LOW HITPOINT WARNING * * *
Blink to where?
Press: ? - help, Dir - move target A great orb of eyes comes into view.
As you read the scroll of blinking, it crumbles to dust.
The great orb of eyes turns its gaze towards you.
The fire giant hits you but does no damage.
The fire giant hits you with a +2 great sword of flaming!!
* * * LOW HITPOINT WARNING * * *
The fire giant burns you!
* * * LOW HITPOINT WARNING * * *
You climb upwards.
There is a stone staircase leading down here.
You feel much better. You block the fire giant's attack.
You puncture the fire giant!
The fire giant is lightly wounded.
You hit the fire giant but do no damage.
You headbutt the fire giant, but do no damage.
You peck the fire giant.
The fire giant is lightly wounded.
The fire giant points at you and mumbles some strange words.
The bolt of fire hits you!! The Shining One protects you from harm!
You puncture the fire giant! You headbutt the fire giant.
You peck the fire giant.
The fire giant is heavily wounded.
The fire giant casts a spell at you. The bolt of fire hits you!!!
The Shining One protects you from harm!
You impale the fire giant!!
The fire giant is almost dead.
You puncture the fire giant!
The fire giant is almost dead.
The fire giant casts a spell at you. The bolt of fire hits you!!
You die...

...............................†.
.................................
##...#############...............
#...# #............... #...#
#............... #...#
#...........>... #...#
#..........[....
##...#############...............
................@................
.................C...............
.................................
#...###########...###############
#...# #...# #...# #...# #...#
#...# #...######## #...#
#..........####...###############


You could see a fire giant.

Vanquished Creatures
  A juggernaut (Depths:1)
  A golden dragon (Depths:2)
  A tentacled monstrosity (Depths:1)
  Jorgrun (Elf:1)
  A quicksilver dragon (Depths:1)
  A deep elf blademaster (Elf:3)
  A deep elf master archer (Elf:3)
  A titan (Depths:2)
  A tengu reaver (D:14)
  Kirke (D:15)
  A sphinx (Depths:2)
  6 fire giants
  8 deep elf sorcerers
  2 iron dragons (Depths:2)
  Louise (Elf:2)
  An orc warlord (Orc:1)
  4 very ugly things
  10 stone giants
  An ironbound preserver (D:13)
  5 deep elf elementalists (Elf:3)
  5 deep elf demonologists (Elf:3)
  A lorocyproca (Depths:2)
  6 deep elf annihilators (Elf:3)
  A minotaur (Gauntlet)
  4 dire elephants (Lair:6)
  Snorg (Lair:6)
  2 deep elf death magi (Elf:3)
  4 deep elf high priests
  Josephine (D:13)
  3 great orbs of eyes
  4 ettins
  4 fire dragons
  A spriggan zombie (Depths:1)
  A rakshasa (Depths:1)
  4 boulder beetles
  7 hydras
  2 ice dragons
  7 two-headed ogres
  6 centaur warriors
  Erica (D:8)
  A death knight (D:15)
  26 dancing weapons
  10 death yaks
  7 deep troll earth magi
  7 deep troll shamans
  2 tengu warriors
  Nergalle (D:10)
  An orc high priest (Orc:2)
  19 deep elf knights
  2 soul eaters (Depths:2)
  A sixfirhy (Depths:2)
  6 skeletal warriors
  2 spectral death yaks (Lair:6)
  5 iron trolls
  3 large abominations
  A spectral anaconda (Lair:6)
  A flayed ghost (D:10)
  9 deep elf archers
  A glowing orange brain (Depths:2)
  18 deep trolls
  An obsidian statue (Lair:6)
  2 phantasmal warriors
  The ghost of pkoi the Insei, a novice DgGl (D:5)
  10 orc knights
  A wizard (Depths:1)
  22 deep elf pyromancers
  3 lindwurms (Lair:2)
  14 ugly things
  22 deep elf zephyrmancers
  4 necromancers
  9 cyclopes
  5 manticores
  5 orc sorcerers
  20 elephants
  A smoke demon (Depths:2)
  A stone giant skeleton (Depths:1)
  3 orange demons (Depths:2)
  A torpor snail (Lair:5)
  7 black mambas
  A dire elephant skeleton (Lair:6)
  13 cane toads
  2 gargoyles
  An efreet (D:13)
  A minotaur zombie (Gauntlet)
  A freezing wraith (D:15)
  3 rime drakes
  2 unseen horrors
  3 tengu conjurers
  7 komodo dragons
  A queen bee (shapeshifter) (D:15)
  A hellwing (Depths:2)
  A meliai (shapeshifter) (D:13)
  A hornet (D:7)
  10 trolls
  2 polar bears (Lair:2)
  A spectral elephant (Lair:6)
  21 blink frogs
  4 air elementals
  A culicivora (shapeshifter) (D:15)
  6 shadows
  5 wyverns
  A centaur simulacrum (D:15)
  8 wraiths
  3 water elementals
  3 flying skulls (Gauntlet)
  2 spriggans (Lair:2)
  65 yaks
  A vampire (D:13)
  3 steam dragons
  3 fire elementals
  3 hogs (D:15)
  A chaos spawn (Depths:2)
  13 vampire mosquitoes
  7 basilisks
  4 nagas (Lair:2)
  A death yak simulacrum (Lair:6)
  A spectral cane toad (Lair:6)
  10 wargs
  4 acid dragons
  30 water moccasins
  A floating eye (Depths:2)
  An elephant zombie (Lair:6)
  49 orc warriors
  A sky beast (D:7)
  A spriggan simulacrum (Depths:1)
  11 wolves
  A necrophage (D:8)
  2 phantoms
  9 centaurs
  3 earth elementals
  2 kobold brigands
  12 bullfrogs
  A gnoll sergeant (D:10)
  3 scorpions (D:6)
  5 cane toad simulacra (Lair:6)
  5 small abominations (Gauntlet)
  A water moccasin skeleton (D:6)
  An elephant simulacrum (Lair:6)
  7 killer bees
  8 wights (D:9)
  A howler monkey (D:6)
  17 electric eels
  6 centaur zombies
  4 jellies
  A centaur skeleton (D:6)
  A hound (D:6)
  16 orc priests
  3 iguanas
  A gnoll shaman (D:6)
  Ijyb (D:3)
  18 orc wizards
  A hound skeleton (D:4)
  3 howler monkey zombies (D:10)
  7 gnolls
  20 adders
  2 white imps
  2 ufetubi
  4 worms
  A dart slug (D:2)
  93 orcs
  7 ball pythons
  2 bat zombies (D:5)
  9 endoplasms
  A giant cockroach (D:3)
  10 goblins
  6 jackals (D:1)
  4 quokkas
  9 bats
  9 frilled lizards
  11 kobolds
  7 rats
  A rat zombie (D:5)
1022 creatures vanquished.

Vanquished Creatures (others)
  2 humans (D:15)
  A bush (Lair:6)
  55 fungi
  120 plants
  31 withered plants (Lair:6)
209 creatures vanquished.

Grand Total: 1231 creatures vanquished

Notes
Turn   | Place    | Note
-------+----------+-------------------------------------------
     0 | D:1      | crimpus the Minotaur Fighter began the quest for the Orb.
     0 | D:1      | Reached XP level 1. HP: 19/19 MP: 0/0
    68 | D:1      | Reached XP level 2. HP: 26/27 MP: 1/1
    78 | D:1      | Reached skill level 4 in Shields
   381 | D:1      | Found a faded altar of an unknown god.
   389 | D:1      | Reached XP level 3. HP: 28/33 MP: 2/2
  1611 | D:2      | Identified the +4 ring mail of Jugaahadia {rN+ Str+3 Dex+3}
  1851 | D:2      | Reached XP level 4. HP: 40/40 MP: 3/3
  2129 | D:3      | Gained mutation: Your magical capacity is low. (-10% MP)
                  | [potion of mutation]
  2129 | D:3      | Lost mutation: Your magical capacity is low. (-10% MP)
                  | [potion of mutation]
  2130 | D:3      | Gained mutation: You are agile. (Dex +2) [potion of
                  | mutation]
  2130 | D:3      | Gained mutation: Your muscles are strong. (Str +2) [potion
                  | of mutation]
  2201 | D:3      | Found Xosong's General Store.
  2478 | D:3      | Noticed Ijyb
  2487 | D:3      | Killed Ijyb
  2488 | D:3      | Reached XP level 5. HP: 36/47 MP: 4/4
  2491 | D:3      | Identified the amulet "Wuolile" {RegenMP rElec rPois Will+
                  | rCorr}
  2629 | D:3      | Reached skill level 5 in Axes
  2767 | D:4      | You fall into a shaft and drop 1 floor!
  2767 | D:5      | Entered Level 5 of the Dungeon
  2830 | D:4      | Reached skill level 1 in Dodging
  3034 | D:4      | Found a staircase to the Ecumenical Temple.
  3112 | Temple   | Entered the Ecumenical Temple
  3186 | Temple   | Became a worshipper of Zin the Law-Giver
  3186 | Temple   | Reached * piety under Zin
  3597 | D:5      | Found a runed translucent gate.
  3598 | D:5      | Found a runed translucent gate.
  3598 | D:5      | Noticed pkoi's ghost (novice DgGl)
  3599 | D:5      | Found a runed translucent gate.
  3626 | D:5      | Noticed a phantom
  3635 | D:5      | Killed a phantom
  3636 | D:5      | Reached XP level 6. HP: 55/55 MP: 5/5
  3815 | D:5      | Found an ancient bone altar of Kikubaaqudgha.
  3958 | D:5      | Found a white marble altar of Elyvilon.
  3981 | D:5      | Reached ** piety under Zin
  4160 | D:5      | HP: 2/53 [pkoi's ghost (11)]
  4169 | D:5      | Killed pkoi's ghost
  4170 | D:5      | Reached skill level 5 in Fighting
  4170 | D:5      | Reached skill level 5 in Armour
  4170 | D:5      | Reached skill level 5 in Shields
  4170 | D:5      | Reached XP level 7. HP: 11/62 MP: 6/6
  4621 | D:6      | Noticed a steam dragon
  4632 | D:6      | Killed a steam dragon
  4633 | D:6      | Reached XP level 8. HP: 58/70 MP: 7/7
  5520 | D:7      | Reached *** piety under Zin
  5594 | D:7      | Noticed a hornet
  5603 | D:7      | Killed a hornet
  5604 | D:7      | Reached skill level 10 in Axes
  5604 | D:7      | Reached XP level 9. HP: 48/79 MP: 8/8
  5747 | D:7      | Reached skill level 6 in Shields
  5760 | D:7      | Found Ippyan's Armour Boutique.
  6034 | D:7      | Found a bloodstained altar of Trog.
  6039 | D:7      | Found a blossoming altar of Fedhas.
  6043 | D:7      | Found an iron altar of Okawaru.
  6043 | D:7      | Found a glowing golden altar of the Shining One.
  6050 | D:7      | Found a shimmering blue altar of Sif Muna.
  6052 | D:7      | Fell from the grace of Zin
  6052 | D:7      | Became a worshipper of the Shining One
  6052 | D:7      | Reached * piety under the Shining One
  6537 | D:8      | Found Porana's Book Emporium.
  6731 | D:8      | Reached skill level 5 in Dodging
  6732 | D:8      | Reached ** piety under the Shining One
  7024 | D:8      | Noticed Erica
  7037 | D:8      | Killed Erica
  7038 | D:8      | Reached XP level 10. HP: 60/88 MP: 9/9
  7632 | D:9      | Reached skill level 7 in Shields
  7643 | D:9      | Found an opulent altar of Gozag.
  7647 | D:9      | Found Gozag's Platinum Reserve.
  8926 | D:9      | Noticed a two-headed ogre
  8933 | D:9      | Killed a two-headed ogre
  9579 | D:10     | Entered Level 10 of the Dungeon
  9682 | D:10     | Reached *** piety under the Shining One
  9885 | D:10     | Noticed a death yak
  9887 | D:10     | Noticed a death yak
  9887 | D:10     | Noticed a death yak
  9893 | D:10     | Noticed a death yak
  9897 | D:10     | Noticed a death yak
  9898 | D:10     | Noticed a death yak
  9901 | D:10     | Noticed a death yak
  9907 | D:10     | Killed a death yak
  9908 | D:10     | Reached XP level 11. HP: 37/97 MP: 6/10
  9913 | D:10     | Killed a death yak
  9919 | D:10     | Killed a death yak
  9931 | D:10     | Killed a death yak
  9932 | D:10     | Reached skill level 8 in Shields
  9935 | D:10     | Reached skill level 10 in Fighting
  9941 | D:10     | Killed a death yak
  9957 | D:10     | Killed a death yak
  9963 | D:10     | HP: 4/100 [yak (10)]
  9971 | D:10     | Killed a death yak
 10270 | D:10     | Found a staircase to the Lair.
 10459 | D:10     | Reached skill level 1 in Invocations
 10487 | D:10     | Noticed a boulder beetle
 10487 | D:10     | Noticed a flayed ghost
 10495 | D:10     | Killed a flayed ghost
 10518 | D:10     | Killed a boulder beetle
 10519 | D:10     | Reached skill level 10 in Armour
 10811 | D:10     | Lost mutation: You are agile. (Dex +2) [potion of mutation]
 10811 | D:10     | Lost mutation: Your muscles are strong. (Str +2) [potion of
                  | mutation]
 10811 | D:10     | Gained mutation: You tend to lose your temper in combat.
                  | [potion of mutation]
 10811 | D:10     | Lost mutation: You tend to lose your temper in combat.
                  | [potion of mutation]
 10812 | D:10     | Gained mutation: Your muscles are strong. (Str +2) [potion
                  | of mutation]
 10812 | D:10     | Gained mutation: You tend to lose your temper in combat.
                  | [potion of mutation]
 10812 | D:10     | Gained mutation: You are agile. (Dex +2) [potion of
                  | mutation]
 10841 | D:10     | Identified the +7 dagger of Foolhardiness {flame, rC+ Str+4
                  | Dex-3}
 10842 | D:10     | Noticed a centaur warrior
 10850 | D:10     | Killed a centaur warrior
 10910 | D:10     | Reached XP level 12. HP: 110/110 MP: 12/12
 10934 | D:10     | Noticed a centaur warrior
 10937 | D:10     | Noticed Nergalle
 10955 | D:10     | Killed a centaur warrior
 10956 | D:10     | Reached skill level 9 in Shields
 10973 | D:10     | Killed Nergalle
 10974 | D:10     | Reached skill level 15 in Axes
 11571 | D:10     | Identified the +9 trident "Q" {flame, rPois Will+++ Dex+5}
 11827 | D:10     | Noticed a two-headed ogre
 11831 | D:10     | Killed a two-headed ogre
 11832 | D:10     | Reached skill level 1 in Polearms
 12214 | D:11     | Noticed a four-headed hydra
 12218 | D:11     | Killed a four-headed hydra
 12223 | D:11     | Reached **** piety under the Shining One
 12253 | D:11     | Noticed a two-headed ogre
 12258 | D:11     | Killed a two-headed ogre
 12271 | D:11     | Noticed a boulder beetle
 12297 | D:11     | Reached skill level 5 in Polearms
 12327 | D:11     | Killed a boulder beetle
 12462 | D:11     | Noticed a two-headed ogre
 12469 | D:11     | Killed a two-headed ogre
 12470 | D:11     | Reached skill level 10 in Shields
 13732 | D:12     | Found a staircase to the Orcish Mines.
 13752 | D:12     | Noticed a two-headed ogre
 13758 | D:12     | Killed a two-headed ogre
 13867 | D:12     | Identified the +6 trident "Gacvouc" {antimagic, Contam
                  | rCorr Str+3 Dex+3}
 13913 | D:12     | Reached XP level 13. HP: 106/119 MP: 13/13
 13916 | Orc:1    | Entered Level 1 of the Orcish Mines
 14508 | Orc:2    | Entered Level 2 of the Orcish Mines
 14508 | Orc:2    | Found a staircase to the Elven Halls.
 14546 | Orc:2    | Noticed an orc warlord
 15432 | Orc:2    | Reached ***** piety under the Shining One
 15508 | Orc:2    | Reached skill level 10 in Polearms
 15775 | Orc:2    | Found Opsaepp's Armour Shoppe.
 15775 | Orc:2    | Found Sylydwock's Distillery.
 15790 | Orc:2    | Bought a potion of heal wounds for 65 gold pieces
 15790 | Orc:2    | Bought a potion of lignification for 39 gold pieces
 15790 | Orc:2    | Bought a potion of mutation for 104 gold pieces
 16536 | Orc:2    | Noticed an ettin
 16870 | Orc:2    | Lost mutation: Your muscles are strong. (Str +2) [potion of
                  | mutation]
 16870 | Orc:2    | Lost mutation: You tend to lose your temper in combat.
                  | [potion of mutation]
 16870 | Orc:2    | Lost mutation: You are agile. (Dex +2) [potion of mutation]
 16870 | Orc:2    | Gained mutation: You have large cloven feet. [potion of
                  | mutation]
 16870 | Orc:2    | Lost mutation: You have large cloven feet. [potion of
                  | mutation]
 16881 | Orc:2    | Killed an ettin
 17342 | Orc:2    | Found Urikuk's Armour Shoppe.
 17342 | Orc:2    | Found Xitinoh's Jewellery Shop.
 17348 | Orc:2    | Bought a +0 tower shield for 63 gold pieces
 17348 | Orc:2    | Bought the +3 Mad Mage's Maulers {Infuse+∞ RegenMP Int-3}
                  | for 560 gold pieces
 17348 | Orc:2    | Found the +3 Mad Mage's Maulers {Infuse+∞ RegenMP Int-3}
 18192 | Orc:1    | Killed an orc warlord
 18193 | Orc:1    | Reached skill level 11 in Shields
 18211 | Elf:1    | Entered Level 1 of the Elven Halls
 18309 | Elf:1    | Paralysed by an air elemental for 1 turns
 18312 | Elf:1    | Paralysed by an air elemental for 1 turns
 18616 | Elf:1    | Reached XP level 14. HP: 83/129 MP: 1/14
 18920 | Lair:1   | Entered Level 1 of the Lair of Beasts
 19735 | Lair:1   | Noticed Sonja
 19743 | Lair:1   | Cast into level 1 of the Abyss (Sonja)
 19806 | Abyss:1  | Found a corrupted altar of Lugonu.
 19818 | Lair:1   | Escaped the Abyss
 20612 | Lair:2   | Reached skill level 12 in Shields
 21024 | Lair:2   | Found a sparkling altar of Nemelex Xobeh.
 21156 | Lair:2   | Found a staircase to the Snake Pit.
 21673 | Lair:3   | Found a staircase to the Swamp.
 22577 | Lair:4   | Reached ****** piety under the Shining One
 22924 | Lair:4   | Reached skill level 13 in Shields
 24369 | Lair:5   | Reached XP level 15. HP: 136/139 MP: 1/15
 24388 | Lair:5   | Reached skill level 15 in Fighting
 25548 | D:13     | Noticed Josephine
 25556 | D:13     | Killed Josephine
 25720 | D:13     | Reached skill level 14 in Shields
 25732 | D:13     | Found a gate leading to a gauntlet.
 25745 | Gauntlet | Entered a Gauntlet
 25745 | Gauntlet | Found a transporter.
 25745 | Gauntlet | Found a transporter.
 25815 | Gauntlet | Found a transporter.
 25833 | Gauntlet | Found a transporter.
 25853 | Gauntlet | Found a transporter.
 25869 | Gauntlet | Found a transporter.
 25872 | Gauntlet | Found a transporter.
 25952 | Gauntlet | Found a transporter.
 25968 | Gauntlet | Found a transporter.
 25990 | Gauntlet | Found a transporter.
 26006 | Gauntlet | Found a transporter.
 26035 | Gauntlet | Found a transporter.
 26125 | Gauntlet | Found a transporter.
 26289 | Gauntlet | Found a transporter.
 26299 | Gauntlet | Found a transporter.
 26373 | Gauntlet | Found a transporter.
 26514 | Gauntlet | Reached skill level 15 in Polearms
 26536 | Gauntlet | Identified the amulet "Serifad" {Acrobat Fly Str+4}
 26685 | Gauntlet | Identified the +1 pair of gloves "Fiantyam" {Fly}
 26685 | Gauntlet | Identified the ring of Xofo {rElec rN+ Str+4 Stlth+}
 27049 | D:13     | Found a gate to the Vaults.
 27747 | D:14     | Reached skill level 15 in Shields
 27957 | D:14     | Found a runed translucent door.
 27959 | D:14     | Noticed a tengu reaver
 27971 | D:14     | Identified the ring "Zapoink" {Will+ EV+4 Dex-5 Stlth+}
 29612 | Lair:6   | Entered Level 6 of the Lair of Beasts
 29630 | Lair:6   | Noticed Snorg
 29637 | Lair:6   | Killed Snorg
 31109 | Lair:6   | Found a staircase to the Slime Pits.
 31825 | Lair:6   | Reached skill level 16 in Shields
 31828 | Lair:6   | Reached XP level 16. HP: 146/152 MP: 1/16
 32435 | Lair:6   | Gained mutation: You are frail. (-10% HP) [a neqoxec]
 32459 | Lair:6   | Lost mutation: You are frail. (-10% HP) [potion of
                  | mutation]
 32459 | Lair:6   | Gained mutation: You occasionally shout uncontrollably at
                  | your foes. [potion of mutation]
 32459 | Lair:6   | Gained mutation: You are agile. (Dex +2) [potion of
                  | mutation]
 32872 | D:14     | Killed a tengu reaver
 32878 | D:14     | Identified the amulet of Keti {Reflect Harm Fragile rCorr
                  | Int+7 SH+5}
 32913 | D:15     | Entered Level 15 of the Dungeon
 32976 | D:15     | Found a glowing golden altar of the Shining One.
 33777 | D:15     | Found a staircase to the Depths.
 34258 | D:15     | Noticed Kirke
 34269 | D:15     | Killed Kirke
 34570 | Elf:1    | Lost mutation: You occasionally shout uncontrollably at
                  | your foes. [potion of mutation]
 34570 | Elf:1    | Lost mutation: You are agile. (Dex +2) [potion of mutation]
 34570 | Elf:1    | Gained mutation: You have a beak for a mouth. [potion of
                  | mutation]
 34570 | Elf:1    | Gained mutation: You are partially covered in iridescent
                  | scales. (AC +2) [potion of mutation]
 34570 | Elf:1    | Gained mutation: You are robust. (+10% HP) [potion of
                  | mutation]
 35292 | Elf:1    | Found the +1 robe of Vines {NoPotionHeal Regen++++}
 35928 | Elf:2    | Reached skill level 10 in Dodging
 35928 | Elf:2    | Reached skill level 17 in Shields
 35928 | Elf:2    | Noticed Jorgrun
 36203 | Elf:1    | Killed Jorgrun
 37109 | Elf:2    | Got the Papyrus of the Creative Blaze
 37209 | Elf:2    | Noticed Louise
 37222 | Elf:2    | Found a runed translucent gate.
 37225 | Elf:2    | Killed Louise
 37228 | Elf:2    | Found a runed translucent gate.
 37228 | Elf:2    | Found a runed translucent gate.
 37341 | Elf:2    | Reached XP level 17. HP: 119/179 MP: 0/17
 38077 | Elf:2    | Reached skill level 18 in Shields
 38562 | Elf:3    | Entered Level 3 of the Elven Halls
 39214 | Elf:3    | Noticed a Hell Sentinel
 39221 | Elf:3    | Noticed a deep elf blademaster
 39230 | Elf:3    | Noticed a deep elf master archer
 39300 | Elf:3    | HP: 6/181 [deep elf pyromancer/bolt of fire (39)]
 39303 | Elf:3    | Killed a deep elf blademaster
 40397 | Elf:3    | Identified the +3 short sword of the Genius {speed, Str+5
                  | Dex+2}
 40414 | Elf:3    | Identified the +4 long sword of Truncation {antimagic,
                  | rPois rF+ Str+3 Int-4}
 40948 | Elf:3    | Identified the +9 short sword of the Hand {freeze, rElec
                  | MP+9 Str+2}
 40960 | Elf:3    | Got the Disquisition on the Supportive Glacier
 40967 | Elf:3    | Got Sif Muna's Tome of Ignition and Sinister Rites
 40970 | Elf:3    | Got the Handbook of Ashen Dark Rituals
 41127 | Elf:3    | Identified the +1 chain mail "Mabes" {rC+ Will+ Dex+3
                  | Slay+3}
 41134 | Elf:3    | Killed a deep elf master archer
 41135 | Elf:3    | Reached skill level 19 in Shields
 41537 | Depths:1 | Entered Level 1 of the Depths
 42906 | Depths:1 | Found a gateway to Hell.
 42973 | Depths:1 | Reached XP level 18. HP: 191/191 MP: 6/18
 43280 | Depths:1 | Found Ypsury Omasy's Weapon Emporium.
 43336 | Depths:1 | Found a runed translucent door.
 43337 | Depths:1 | Noticed a golden dragon
 43343 | Depths:1 | Noticed a juggernaut
 43344 | Depths:1 | Noticed a tentacled monstrosity
 43350 | Depths:1 | Killed a juggernaut
 43547 | Depths:1 | Noticed a tentacled monstrosity
 43586 | Depths:1 | Killed a tentacled monstrosity
 43823 | Depths:1 | Found a runed translucent gate.
 43823 | Depths:1 | Found a runed translucent gate.
 43823 | Depths:1 | Found a runed translucent gate.
 43824 | Depths:1 | Noticed Gemnonof's ghost (adept DgCj)
 43826 | Depths:1 | Noticed an ancient lich
 43949 | Depths:1 | Found Wysy's Jewellery Shop.
 43950 | Depths:1 | Found Lapninam's Book Emporium.
 43952 | Depths:1 | Found Ziosaukh's Jewellery Shop.
 45895 | Depths:2 | Reached skill level 20 in Shields
 47040 | Depths:2 | Found a one-way gateway to a ziggurat.
 47077 | Depths:2 | Found a one-way gate to the infinite horrors of the Abyss.
 47114 | Depths:2 | Paralysed by a floating eye for 4 turns
 47631 | Depths:2 | Found a one-way gate leading to the halls of Pandemonium.
 47703 | Depths:2 | Noticed a golden dragon
 47716 | Depths:2 | Killed a golden dragon
 48125 | Depths:2 | Identified the +8 shortbow of the Orange Skies {freeze,
                  | *Corrode Dex+3}
 48622 | Depths:3 | HP: 9/195 [fire giant/+2 great sword of flaming (9)]
 48626 | Depths:2 | The Shining One protects you from harm!
 48627 | Depths:2 | The Shining One protects you from harm!
 48629 | Depths:2 | Killed from afar by a fire giant

Illustrated notes

Levels and vault maps discovered:
D:1:      dpeg_arrival_rooms_a, layout_rooms, chequers_ecumenical_altar_simple
D:2:      layout_loops_cross, minmay_puff
D:3:      layout_basic, serial_shops, nicolae_shop_hallway_plus,
          chequers_avenue, uniq_ijyb
D:4:      layout_cave_pools, minmay_temple_entry_gardened_gates,
          amcnicky_mini_rare_corridor_liquid
D:5:      layout_loops_ring, overflow_temple_1_default,
          lemuel_zombie_altar_kikubaaqudgha, gammafunk_ghost_nasty_kobolds,
          minmay_misc_feat_iff
D:6:      layout_loops_cross
D:7:      layout_loops_ring, nicolae_overflow_hallway_of_the_gods, serial_shops,
          nicolae_take_the_stairs
D:8:      layout_gridville, serial_shops, nicolae_stop_n_shop_1,
          minmay_misc_feat_doors, uniq_erica
D:9:      layout_basic, nicolae_gozag_zags_fifth_avenue, lemuel_old_faithful
D:10:     nzn_winding_woodlands_stair_cross
          [nzn_winding_woodlands_5x15_longhouse,
          nzn_winding_woodlands_center_triple_pond,
          nzn_winding_woodlands_5x15_pathside_ponds,
          nzn_winding_woodlands_5x5_open_star, nzn_winding_woodlands_5x5_three,
          nzn_winding_woodlands_5x15_pool, nzn_winding_woodlands_center_lodge,
          nzn_winding_woodlands_5x15_parted], layout_basic, dpeg_lair_monsters,
          uniq_nergalle
D:11:     layout_cave_pools, grunt_ministairs_11, st_stairs_14
D:12:     layout_basic, minmay_orc_entry_temple_small
D:13:     layout_rooms, skrybe_vaults_entry_preservation,
          gauntlet_entry_generic, uniq_josephine
D:14:     layout_basic, kennysheep_treasure_room
D:15:     grunt_enter_depths_giant_problem, layout_stronghold,
          old_standard_altar, uniq_kirke
Temple:   eino_temple_lava
Lair:1:   lemuel_reptile_caves, layout_gridlike, minmay_lair_oklob_items,
          dpeg_stationary_puzzle, uniq_sonja
Lair:2:   wad_woods_stonehenge, layout_chaotic_city,
          minmay_snake_entry_guardpost_small, nicolae_lair_lindhole
Lair:3:   layout_chaotic_city, minmay_swamp_entry_swarm, serial_bayou_lake_a
Lair:4:   layout_loops_ring, serial_bayou_shore_b, infiniplex_staircase_pool_2
Lair:5:   layout_cave_pods, wad_woods_road_04, grunt_megastairs_4
Lair:6:   due_jungle_book, layout_concentric_octagons,
          nicolae_slime_entry_slimehenge, uniq_snorg
Orc:1:    layout_diamond_mine, serial_shops, nicolae_shop_behind_doors,
          mines1_david
Orc:2:    st_orc_town, layout_caves, basic_altar
Elf:1:    layout_loops_corners, kennysheep_underground_church
Elf:2:    nicolae_elf_blades_crystal_corner, layout_rooms,
          hangedman_glass_teeth, uniq_jorgrun, uniq_louise
Elf:3:    minmay_elf_hall_x, layout_onion_city, grunt_megastairs_2
Depths:1: layout_cave_pools, pf_hell_entry_tar_spiral,
          gammafunk_ghost_necromancy, serial_shops,
          nicolae_shop_bloodbath_and_beyond, minmay_hidden_floor,
          minmay_shop_grove
Depths:2: minmay_glassy_protrusions, layout_long_grid, enter_ziggurat_e,
          abyss_entry, grunt_pan_entry_zigzag, serial_glass, glass_columns_b,
          glass_columns_a, due_unseen_surprise, minmay_strange_pillars,
          item_on_display_a, feat_on_display, hell_entry, hex_large
Depths:3: cheibrodos_lost_city_excavation, layout_small_grid, elyvilon_altar_5,
          abyss_entry, pf_hell_entry_great_geh, serial_bayou_shore_b,
          infiniplex_staircase_trident, serial_bayou_shore_b

Skill      XL: |  1  2  3  4  5  6  7  8  9 10 11 12 13 14 15 16 17 18 |
---------------+-------------------------------------------------------+-----
Shields        | 4 5 6 7 8 10 11 13 16 17 19 20 | 20.9
Fighting       | 4 5 6 7 8 9 11 12 13 14 16 17 18 19 | 19.9
Axes           | 3 4 5 7 10 12 13 14 15 | 15.0
Armour         | 4 5 6 7 8 10 11 12 13 14 | 14.1
Dodging        | 1 2 3 4 5 6 8 9 10 11 12 | 12.3
Invocations    | 1 |  1.4
Polearms       | 8 12 14 15 17 18 19 | 19.1

Action                   |  1- 3 |  4- 6 |  7- 9 | 10-12 | 13-15 | 16-18 || total
-------------------------+-------+-------+-------+-------+-------+-------++-------
Melee: War axe           |    96 |   117 |   104 |       |       |       ||   317
       Headbutt          |    12 |    17 |    39 |   140 |   260 |   224 ||   692
       Hand axe          |       |       |    56 |   289 |       |       ||   345
       Trident           |       |       |       |   156 |  1223 |   818 ||  2197
       Peck              |       |       |       |       |       |   150 ||   150
Throw: Throwing net      |       |       |       |     3 |     2 |       ||     5
Invok: Divine Shield     |       |       |       |     1 |       |       ||     1
  Use: Scroll            |     4 |     4 |     1 |     5 |    12 |     7 ||    33
       Potion            |     1 |     9 |       |     8 |     4 |     7 ||    29
 Stab: Invisible         |       |     3 |       |       |       |       ||     3
Armor: Scale mail        |    48 |       |       |       |       |       ||    48
       Chain mail        |     5 |       |       |       |       |       ||     5
       Ring mail         |     4 |    65 |    65 |    97 |   179 |    98 ||   508
       Skin              |       |       |       |       |     5 |       ||     5
Dodge: Dodged            |    39 |    79 |    73 |   157 |   335 |   197 ||   880
Block: Buckler           |    23 |    42 |    49 |   106 |    84 |       ||   304
       Tower shield      |       |       |       |       |   591 |   550 ||  1141
       Reflection        |       |       |       |       |       |    54 ||    54
